 Dungeon Crawl Stone Soup version 0.30-a0-1085-g990a428a5c (webtiles) character file.

Game seed: 14856036762313038946

28 fortdeath9 the Vexing (level 3, -3/28 HPs)
             Began as a Meteoran Wanderer on Apr 16, 2023.
             Slain by a worm (11 damage)
             ... on level 2 of the Dungeon.
             The game lasted 00:05:44 (589 turns).

fortdeath9 the Vexing (Meteoran Wanderer)            Turns: 589, Time: 00:05:44

Health: -3/28      AC:  2    Str: 11    XL:     3   Next: 50%
Magic:  6/8        EV: 11    Int: 18    God:
Gold:   19         SH:  4    Dex: 13    Spells: 7/8 levels left

rFire   . . .      SeeInvis .    a - +0 dagger
rCold   . . .      Faith    .    d - +0 buckler
rNeg    . . .      Spirit   .    c - +0 robe
rPois   .          Reflect  .    (no helmet)
rElec   .          Rampage  .    (no cloak)
rCorr   .                        (no gloves)
Will    .....                    (no boots)
Stlth   +                        (no amulet)
HPRegen 0.24/turn                (no ring)
MPRegen 0.11/turn                (no ring)

@: glowing
A: sense surroundings 1, otherworldly, glowing, explore regen
a: no special abilities


You were on level 2 of the Dungeon.
You visited 1 branch of the dungeon, and saw 2 of its levels.

You collected 19 gold pieces.

Inventory:

Hand Weapons
 a - a +0 dagger (weapon)
Missiles
 f - 6 poisoned darts (quivered)
Armour
 c - a +0 robe (worn)
 d - a +0 buckler (worn)
Scrolls
 e - a scroll of identify
 g - a scroll of torment {unknown}
Potions
 b - a potion of brilliance


   Skills:
 + Level 1.3 Fighting
 + Level 0.4 Short Blades
 + Level 1.5 Dodging
 + Level 2.8 Shields
 + Level 3.0 Spellcasting
 + Level 4.2 Hexes
 + Level 1.4 Transmutations
 + Level 0.2 Poison Magic


You had 7 spell levels left.
You knew the following spells:

 Your Spells              Type           Power      Damage    Failure   Level
a - Sting                 Tmut/Pois      20%        1d4       16%         1

Your spell library contained the following spells:

 Spells                   Type           Power      Damage    Failure   Level
 Slow                     Hex            68%        N/A       3%          1
 Portal Projectile        Hex/Tloc       20%        N/A       26%         3
 Spider Form              Tmut/Pois      5%         N/A       41%         3
 Fulminant Prism          Conj/Hex       5%         3d7       65%         4


Dungeon Overview and Level Annotations

Branches:
Dungeon (2/15) Zot: 596

Altars:


Innate Abilities, Weirdness & Mutations

You passively map a small area around you.
You are easily found by Zot.
You glow in the dark.
You regain HP and MP as you explore.


Message History

A worm comes into view.
The worm bites you!
Okay, then.
Casting: Sting (safe; 16% risk of failure)
Confirm with . or Enter, or press ? or * to list all spells.
Aiming: Sting (safe; 16% risk of failure)
Press: ? - help, Shift-Dir - straight line, f - worm
Aim: a worm (89% to hit)
The sting misses the worm.
You block the worm's attack.
Casting: Sting (safe; 16% risk of failure)
Confirm with . or Enter, or press ? or * to list all spells.
Aiming: Sting (safe; 16% risk of failure)
Press: ? - help, Shift-Dir - straight line, f/p - worm
Aim: a worm (89% to hit)
The sting hits the worm.
The worm is poisoned.
The worm is lightly wounded.
You hit the worm.
The worm is moderately wounded.
The worm bites you!
You hit the worm.
The worm is moderately wounded.
A kobold comes into view. It is wielding a +0 short sword.
Casting: Sting (safe; 16% risk of failure)
Confirm with . or Enter, or press ? or * to list all spells.
Aiming: Sting (safe; 16% risk of failure)
Press: ? - help, Shift-Dir - straight line, f/p - worm
Aim: a worm (moderately wounded, poisoned, 89% to hit)
The sting hits the worm.
The worm looks even sicker.
The worm is heavily wounded.
The worm closely misses you.
You hit the worm.
The worm is severely wounded.
The worm bites you.
* * * LOW HITPOINT WARNING * * *
You hit the worm.
The worm is severely wounded.
You barely miss the worm.
The worm is severely wounded.
The worm bites you!
You die...

,........#.....
#.#.....(..... , *
#.#........... ,
#.†.......# .#* , ,
#<......##K###### ,
##.##....#....... ,
#.####.....#†#.......
#.......##.#.#.......
,
#######.##.#.@w......
, #...##.##.##........
, #...##†##..+........
#...##.#####........
##...##.....#........
#........##.#######..
,
####.######.##.#######
.
......#.....)........#
####..#.####.........#
,


You could see a worm (poisoned) and a kobold.

Vanquished Creatures
  An adder (D:2)
  3 giant cockroaches (D:1)
  2 goblins
  3 hobgoblins (D:1)
  A quokka (D:1)
  3 ball pythons
  2 frilled lizards (D:1)
  A kobold (D:1)
  3 rats (D:1)
19 creatures vanquished.

Vanquished Creatures (others)
  A plant (D:1)
1 creature vanquished.

Grand Total: 20 creatures vanquished

Notes
Turn   | Place    | Note
-------+----------+-------------------------------------------
     0 | D:1      | fortdeath9 the Meteoran Wanderer began the quest for the
                  | Orb.
     0 | D:1      | fortdeath9 set off with the following items: a +0 dagger, a
                  | potion of brilliance, a +0 robe, a +0 buckler; and the
                  | following spells available to memorise: Slow, Sting, Portal
                  | Projectile, Spider Form, Fulminant Prism.
     0 | D:1      | Reached XP level 1. HP: 16/16 MP: 5/5
     2 | D:1      | Learned a level 1 spell: Sting
   126 | D:1      | Reached XP level 2. HP: 18/23 MP: 6/6
   175 | D:1      | Reached skill level 4 in Hexes
   405 | D:2      | Reached XP level 3. HP: 25/28 MP: 5/8
   589 | D:2      | Slain by a worm

Illustrated notes

Levels and vault maps discovered:
D:1:      dreamdust_arrival_sigmund_warning, layout_loops_cross,
          ebering_ecumenical_altar_webs, chequers_big_river, minivault_25,
          grunt_decor_one_mirror
D:2:      wad_crossroads, layout_basic, kennysheep_jessica_study

Skill      XL: |  1  2  3 |
---------------+----------+-----
Hexes          | 4 |  4.2
Spellcasting   | 3 |  3.0
Fighting       | |  1.3
Short Blades   | |  0.4
Dodging        | |  1.5
Shields        | |  2.8
Transmutations | |  1.4
Poison Magic   | |  0.2

Action                     || total
---------------------------++-------
  Melee: Dagger            ||    86
   Cast: Sting             ||    19
    Use: Scroll            ||     1
 Armour: Robe              ||    14
  Dodge: Dodged            ||    35
  Block: Buckler           ||    21

Table legend: (Time is in decaauts)
 A = Elapsed time spent in this place.
 B = Non-inter-level travel time spent in this place.
 C = Inter-level travel time spent in this place.
 D = Time resting spent in this place.
 E = Time spent auto-exploring this place.
 F = Levels seen in this place.
 G = Mean time per level.
                   A        B        C        D        E       F      G
               +--------+--------+--------+--------+--------+-----+--------+
         Total |    602 |    576 |     26 |      0 |    128 |   2 |  301.0 |
       Dungeon |    602 |    576 |     26 |      0 |    128 |   2 |  301.0 |
               +--------+--------+--------+--------+--------+-----+--------+

Top non-repeatable levels by time:
     D:1: 412 daAuts
     D:2: 190 daAuts
